AoeStats
← schmeno

Arena

506563523Analyzed
3v3 RM · 19d ago on Sep 14, 2026· 45m 59s· 6 players
Game mode
Random Map
Map size
Normal (6 player)
Population
200
Speed
Normal
Resources
Standard
Victory
Conquest
Starting age
Dark Age
Ending age
Imperial Age
RankedLock teamsTeams togetherTeam positionsShared explorationLock speedFull tech treeHidden civsTurbo modeCheats
Victory
Defeat
🇺🇸 Teutons · United States
1222
+13
🇺🇸 Celts · United States
1175
+15
🇺🇸 Saracens · United States
1140
+16
🇲🇽 Gurjaras · Mexico
1152
-15
🇲🇽 Italians · Mexico
1148
-15
🇲🇽 Shu · Mexico
1142
-14
Kenny [Asahi]
5:20 Loom
12:09 Feudal Age
16:04 Castle Age
13:56 Double-Bit Axe
13:53 Horse Collar
17:16 Wheelbarrow
19:56 Bow Saw
20:55 Heavy Plow
21:39 Stone Mining
23:12 Gold Mining
24:47 Fletching
24:57 Padded Archer Armor
27:01 Hand Cart
27:38 Ballistics
29:17 Bodkin Arrow
30:32 Leather Archer Armor
32:57 Scale Barding Armor
33:03 Forging
33:26 Light Cavalry
34:17 Bloodlines
34:08 Husbandry
34:31 Chain Barding Armor
35:13 Iron Casting
37:10 Imperial Age
34:32 Treadmill Crane
35:04 Fortified Wall
35:37 Town Watch
38:48 Conscription
38:49 Bracer
39:20 Ring Archer Armor
39:53 Chemistry
39:13 Elite Genoese Crossbowman
42:07 Hoardings
41:52 Thumb Ring
44:30 Squires
45:32 Blast Furnace
44:32 Scale Mail Armor
Uzi
10:40 Feudal Age
11:06 Loom
14:58 Castle Age
14:31 Double-Bit Axe
15:23 Wheelbarrow
14:29 Horse Collar
17:59 Forging
17:49 Scale Mail Armor
23:30 Heavy Plow
26:44 Bloodlines
28:00 Bow Saw
31:57 Gold Mining
33:15 Hand Cart
35:36 Imperial Age
33:27 Husbandry
33:35 Scale Barding Armor
33:46 Chain Mail Armor
35:05 Kshatriyas
35:46 Heavy Camel Rider
36:05 Elite Shrivamsha Rider
Stan [AJ]
8:38 Loom
11:20 Feudal Age
16:12 Castle Age
14:53 Scale Barding Armor
15:23 Double-Bit Axe
16:48 Fletching
18:36 Bodkin Arrow
21:09 Horse Collar
26:43 Imperial Age
24:28 Padded Archer Armor
25:17 Ballistics
25:48 Bow Saw
26:31 Wheelbarrow
26:13 Crossbowman
27:32 Bracer
28:30 Thumb Ring
31:37 Chemistry
31:02 Siege Engineers
33:24 Leather Archer Armor
33:33 Onager
34:33 Elite Skirmisher
36:44 Ring Archer Armor
schmeno
10:35 Feudal Age
14:14 Castle Age
12:45 Double-Bit Axe
12:43 Horse Collar
15:05 Bow Saw
16:10 Loom
18:57 Wheelbarrow
18:22 Town Watch
19:43 Fletching
27:57 Imperial Age
25:01 Crossbowman
26:03 Bodkin Arrow
26:49 Padded Archer Armor
26:56 Thumb Ring
27:19 Ballistics
27:37 Gold Mining
28:10 Leather Archer Armor
28:19 Arbalester
29:37 Bracer
32:11 Chemistry
32:43 Counterweights
33:34 Ring Archer Armor
42:35 Siege Engineers
r smothers
11:49 Feudal Age
15:27 Castle Age
13:45 Double-Bit Axe
18:51 Bow Saw
19:58 Horse Collar
20:10 Gold Mining
23:04 Fervor
24:16 Bloodlines
25:04 Heavy Plow
26:24 Scale Barding Armor
26:07 Loom
26:57 Wheelbarrow
26:50 Forging
28:02 Hand Cart
27:33 Town Watch
34:59 Imperial Age
33:16 Chain Barding Armor
33:31 Iron Casting
35:05 Cavalier
36:22 Plate Barding Armor
36:48 Blast Furnace
38:01 Paladin
39:52 Two-Man Saw
39:22 Crop Rotation
40:38 Masonry
40:39 Fortified Wall
Tired Cock
11:06 Feudal Age
15:15 Castle Age
14:42 Horse Collar
14:48 Double-Bit Axe
17:43 Fletching
18:23 Bow Saw
24:44 Heavy Plow
25:08 Loom
30:17 Imperial Age
29:06 Wheelbarrow
28:59 Murder Holes
29:25 Ballistics
30:44 Heavy Scorpion
33:17 Chemistry
34:05 Siege Engineers
34:32 Hand Cart
39:19 Furor Celtica
44:21 Masonry
44:21 Fortified Wall
Connection lost

Rejoining the realm…

Still unreachable

The connection could not be restored.

Session expired

The server has moved on; the page needs a fresh start.